 Dungeon Crawl Stone Soup version 0.23-a0-180-ga5275e7 (webtiles) character file.

430 Inarius the Skirmisher (level 6, -4/51 HPs)
             Began as a Mummy Fighter on Sept 18, 2018.
             Slain by an ogre
             ... wielding a +0 giant club
              (13 damage)
             ... on level 4 of the Dungeon.
             The game lasted 00:05:00 (3735 turns).

Inarius the Skirmisher (Mummy Fighter)              Turns: 3735, Time: 00:05:01

Health: -4/51      AC: 11    Str: 22    XL:     6   Next: 66%
Magic:  6/6        EV:  7    Int:  7    God:
Gold:   165        SH:  9    Dex: 11    Spells: 5/5 levels left

rFire    x . .     SeeInvis .   a - +0 war axe
rCold    + . .     Gourm    .   c - +0 shield
rNeg     + + +     Faith    .   b - +0 scale mail
rPois    ∞         Spirit   .   (no helmet)
rElec    .         Reflect  .   k - +0 cloak
rCorr    .         Harm     .   (no gloves)
MR       .....                  l - +2 pair of boots
Stlth    ..........             (no amulet)
HPRegen  0.17/turn              (no ring)
MPRegen  0.10/turn              (no ring)

@: no status effects
A: no food or potions, fire vulnerability, cold resistance 1, negative energy
resistance 3, torment resistance, unbreathing
a: no special abilities


You were on level 4 of the Dungeon.
You were not hungry.

You visited 1 branch of the dungeon, and saw 4 of its levels.

You collected 198 gold pieces.
You spent 33 gold pieces at shops.

Inventory:

Hand Weapons
 a - a +0 war axe (weapon)
Missiles
 j - 2 javelins (quivered)
 m - 3 tomahawks
Armour
 b - a +0 scale mail (worn)
 c - a +0 shield (worn)
 k - a +0 cloak (worn)
 l - a +2 pair of boots (worn)
Wands
 o - a wand of random effects (13)
Scrolls
 d - 2 scrolls of enchant weapon {unknown}
 e - a scroll of remove curse {unknown}
 f - 4 scrolls of teleportation
 g - a scroll of magic mapping {unknown}
 h - 3 scrolls of identify {unknown}
 i - 2 scrolls of fog {unknown}
 n - 2 scrolls of enchant armour {unknown}
 p - a scroll of immolation {unknown}


   Skills:
 * Level 5.1 Fighting
 - Level 1.5 Axes
 + Level 0.1 Throwing
 + Level 4.3 Armour
 + Level 3.7 Shields


You had 5 spell levels left.
You didn't know any spells.
Your spell library was empty.

Dungeon Overview and Level Annotations

Branches:
Dungeon (4/15)
 Temple: D:4-7

Altars:
Dithmenos
Okawaru
Qazlal

Shops:
D:4 *


Innate Abilities, Weirdness & Mutations

You do not eat or drink.
Your flesh is vulnerable to fire.
You are immune to poison.
Your flesh is cold resistant. (rC+)
You are immune to negative energy. (rN+++)
You are immune to unholy pain and torment.
You can survive without breathing.


Message History

The ogre is severely wounded.
You block the ogre's attack.
You hit the ogre but do no damage.
The ogre is severely wounded.
The ogre hits you with a giant club! x2
* * * LOW HITPOINT WARNING * * *
You are too injured to fight recklessly!
You are too injured to fight recklessly!
You barely miss the ogre.
The ogre is severely wounded.
You block the ogre's attack.
You barely miss the ogre.
The ogre is severely wounded.
The ogre barely misses you.
Throwing (i - inventory. (/) - cycle)
j - 3 javelins (quivered)
Press: ? - help, Shift-Dir - straight line, f/p - ogre
Aim: an ogre, wielding a giant club (severely wounded)
You throw a javelin. The javelin barely misses the ogre.
The ogre hits you with a giant club!
You die...

#... #.#... #.#..# #.#..#
#.#..# #####.#..## ###.( ###
#>..........#8....( #..
#..####.#..@O(...._ #.##
#..........##8..... #.#.
#.......#...# ###.. #.#.
###..####.#######. #...
#................. #...
#..####.#################...
#...........(......†..))....
#....)...........#.######...
.#####..####.#######
##.#########


You could see an ogre.

Vanquished Creatures
  An ogre (D:4)
  A bullfrog (D:3)
  2 orc wizards (D:3)
  An orc priest (D:2)
  A worker ant (D:4)
  6 adders
  2 oozes
  3 worms
  2 dart slugs
  A leopard gecko (D:1)
  16 orcs
  7 giant cockroaches
  4 goblins
  8 hobgoblins
  8 jackals
  3 quokkas
  8 bats
  A frilled lizard (D:2)
  3 kobolds (D:1)
  5 rats
83 creatures vanquished.

Notes
Turn   | Place    | Note
-------+----------+-------------------------------------------
     0 | D:1      | Inarius the Mummy Fighter began the quest for the Orb.
     0 | D:1      | Reached XP level 1. HP: 18/18 MP: 1/1
   220 | D:1      | Reached XP level 2. HP: 24/24 MP: 2/2
   768 | D:1      | Reached XP level 3. HP: 24/29 MP: 3/3
  1176 | D:2      | Reached XP level 4. HP: 11/37 MP: 4/4
  1179 | D:2      | Reached skill level 4 in Fighting
  1429 | D:2      | Found an iron altar of Okawaru.
  2174 | D:3      | Noticed a bullfrog
  2176 | D:3      | Reached XP level 5. HP: 43/43 MP: 5/5
  2584 | D:3      | Reached XP level 6. HP: 16/49 MP: 6/6
  3084 | D:4      | Found a shadowy altar of Dithmenos.
  3167 | D:4      | Reached skill level 5 in Fighting
  3617 | D:4      | Found Nompoelo's General Store.
  3625 | D:4      | Bought a scroll of teleportation for 33 gold pieces
  3720 | D:4      | Found a stormy altar of Qazlal.
  3735 | D:4      | Slain by an ogre

Vault maps used:
D:1:      evilmike_arrival_run_for_it
D:2:      cheibrodos_pilgrimage, okawaru_trees_1
D:4:      doesnt_xom_only_xom, first_ration, serial_shops, shop_fountains,
          nicolae_dithmenos_shadow_blocks

Skill      XL: |  1  2  3  4  5  6 |
---------------+-------------------+-----
Shields        | 3 |  3.7
Fighting       | 4 5 |  5.1
Armour         | 3 4 |  4.3
Axes           | |  1.5
Throwing       | |  0.1

Action                   |  1- 3 |  4- 6 || total
-------------------------+-------+-------++-------
Melee: War axe           |   132 |   178 ||   310
Throw: Javelin           |       |    11 ||    11
Armor: Scale mail        |    91 |   107 ||   198
Dodge: Dodged            |    63 |    64 ||   127
Block: Shield            |    81 |   117 ||   198

Table legend:
 A = Non-vault XP
 B = Vault XP
 C = Vault XP percentage of total XP
 D = Non-vault monster count
 E = Vault monster count
 F = Vault count percentage of total count
                 A         B        C        D         E       F
            +---------+---------+-------+---------+---------+-------
      Total |     551 |      64 |  10.4 |      75 |       8 |   9.6
            +---------+---------+-------+---------+---------+-------
        D:1 |      42 |       5 |  10.6 |      23 |       1 |   4.2
        D:2 |      71 |      59 |  45.4 |      16 |       7 |  30.4
        D:3 |     242 |       0 |   0.0 |      22 |       0 |   0.0
        D:4 |     196 |       0 |   0.0 |      14 |       0 |   0.0
            +---------+---------+-------+---------+---------+-------
